 Dungeon Crawl Stone Soup version 0.21.1-1-g345015fe64 (webtiles) character file.

117626 Oravi the Spry (level 16, -7/162 HPs)
             Began as a Merfolk Transmuter on Apr 11, 2018.
             Was the Champion of Qazlal.
             Mangled by Donald
             ... wielding a +0 double sword of draining
              (24 damage)
             ... on level 1 of the Swamp.
             The game lasted 03:55:50 (30969 turns).

Oravi the Spry (Merfolk Transmuter)                Turns: 30969, Time: 03:55:51

Health: -7/162     AC: 12    Str: 15    XL:     16   Next: 74%
Magic:  22/27      EV: 16    Int: 20    God:    Qazlal [******]
Gold:   2369       SH:  8    Dex: 12    Spells: 10/30 levels left

rFire    . . .     SeeInvis .     - Unarmed
rCold    . . .     Gourm    .   (shield currently unavailable)
rNeg     . . .     Faith    .   (armour currently unavailable)
rPois    +         Spirit   .   (helmet currently unavailable)
rElec    .         Reflect  .   (cloak currently unavailable)
rCorr    .         Harm     .   (gloves currently unavailable)
MR       ++...                  (boots currently unavailable)
Stlth    +.........             C - amulet of regeneration
HPRegen  0.77/turn              A - +2 ring of evasion
MPRegen  0.20/turn              U - +3 ring of strength

@: hydra-form, protected from physical damage, heavily drained, repel missiles
A: very large, (change form in water), (swift swim), (stealthy swim), clever 1,
clumsy 1, magic resistance 1
a: End Transformation, Upheaval, Elemental Force, Disaster Area, Renounce
Religion


You were on level 1 of the Swamp.
You worshipped Qazlal.
Qazlal was exalted by your worship.
You were not hungry.
You were a seven-headed hydra.
You visited 5 branches of the dungeon, and saw 25 of its levels.

You collected 2369 gold pieces.

Inventory:

Missiles
 a - 619 arrows
Armour
 k - a +2 pair of boots (melded)
 p - the +4 scale mail of the Catfish (melded) {Int+6}
   (You found it on level 5 of the Dungeon)

   It affects your intelligence (+6).
 y - a +1 cloak of magic resistance (melded)
 Z - the +0 pair of gloves "Huh Dosi" (melded) {rC+}
   (You found it on level 2 of the Orcish Mines)

   It protects you from cold.
Magical Staves
 n - an uncursed staff of energy (melded)
 o - an uncursed staff of power
 S - an uncursed staff of cold
Jewellery
 s - an uncursed ring of protection from magic
 t - an uncursed ring of protection from magic
 A - a +2 ring of evasion (left foreclaw)
 B - an uncursed ring of wizardry
 C - an amulet of regeneration (around neck)
 U - a +3 ring of strength (right foreclaw)
Wands
 l - a wand of acid (7)
 m - a wand of paralysis (14)
 x - a wand of flame (72)
 G - a wand of scattershot (8)
 Q - a wand of clouds (10)
 X - a wand of iceblast (9)
Scrolls
 c - a scroll of enchant armour
 e - 14 scrolls of identify
 h - 6 scrolls of enchant weapon
 j - 7 scrolls of teleportation
 v - 4 scrolls of remove curse
 F - 3 scrolls of fear
 L - a scroll of fog
 N - 3 scrolls of magic mapping
Potions
 f - a potion of invisibility
 g - a potion of resistance
 u - 2 potions of cancellation
 w - 3 potions of curing
 D - 2 potions of brilliance
 O - a potion of agility
 P - 3 potions of flight
 R - 3 potions of heal wounds
 V - 4 potions of haste
Books
 b - a book of Battle

   Spells                             Type                      Level
   a - Infusion                       Charms                       1
   b - Shroud of Golubria             Charms/Translocation         2
   c - Song of Slaying                Charms                       2
   d - Spectral Weapon                Hexes/Charms                 3
   e - Regeneration                   Charms/Necromancy            3
 i - a book of Necromancy

   Spells                             Type                      Level
   a - Pain                           Necromancy                   1
   b - Animate Skeleton               Necromancy                   1
   c - Vampiric Draining              Necromancy                   3
   d - Regeneration                   Charms/Necromancy            3
   e - Animate Dead                   Necromancy                   4
   f - Borgnjor's Vile Clutch         Necromancy/Earth             5
 z - a book of Party Tricks

   Spells                             Type                      Level
   a - Summon Butterflies             Summoning                    1
   b - Apportation                    Translocation                1
   c - Lesser Beckoning               Translocation                3
   d - Tukima's Dance                 Hexes                        3
   e - Alistair's Intoxication        Transmutation/Poison         5
   f - Invisibility                   Hexes                        6
 H - the Catalogue of Mutagenic Ice
   (You found it on level 6 of the Lair of Beasts)

   Spells                             Type                      Level
   a - Throw Frost                    Conjuration/Ice              2
   b - Ozocubu's Armour               Charms/Ice                   3
   c - Spider Form                    Transmutation/Poison         3
   d - Irradiate                      Conjuration/Transmutation    5
   e - Blade Hands                    Transmutation                5
 K - a book of Transfigurations

   Spells                             Type                      Level
   a - Irradiate                      Conjuration/Transmutation    5
   b - Statue Form                    Transmutation/Earth          6
   c - Hydra Form                     Transmutation                6
   d - Dragon Form                    Transmutation                7
 M - Roxanne's Catalogue of the Rocks
   (You took it off Roxanne on level 15 of the Dungeon)

   Spells                             Type                      Level
   a - Sandblast                      Earth                        1
   b - Passwall                       Transmutation/Earth          2
   c - Petrify                        Transmutation/Earth          4
   d - Borgnjor's Vile Clutch         Necromancy/Earth             5
   e - Statue Form                    Transmutation/Earth          6
 W - a Young Poisoner's Handbook

   Spells                             Type                      Level
   a - Sting                          Conjuration/Poison           1
   b - Poisonous Vapours              Poison/Air                   2
   c - Mephitic Cloud                 Conjuration/Poison/Air       3
   d - Olgreb's Toxic Radiance        Poison                       4
   e - Venom Bolt                     Conjuration/Poison           5
Comestibles
 d - 27 rations
 T - 3 chunks of flesh


   Skills:
 * Level 11.2(8.7) Fighting
 - Level 0.1(0.0) Staves
 - Level 16.1(13.3) Dodging
 - Level 15.0(12.3) Unarmed Combat
 + Level 7.5(5.3) Spellcasting
 * Level 15.3(12.6) Transmutations
 * Level 10.2(7.8) Ice Magic
 - Level 8.6(6.3) Poison Magic
 - Level 10.0(7.6) Invocations
 + Level 0.9(0.0) Evocations


You had 10 spell levels left.
You knew the following spells:

 Your Spells              Type           Power        Failure   Level  Hunger
a - Hydra Form            Tmut           ######....   10%         6    #######
b - Sticks to Snakes      Tmut           ######..     1%          2    None
c - Spider Form           Tmut/Pois      #####.....   1%          3    ##.....
d - Ice Form              Ice/Tmut       #####...     1%          4    ####...
e - Blade Hands           Tmut           ######....   1%          5    #####..


Dungeon Overview and Level Annotations

Branches:
Dungeon (15/15)            Temple (1/1) D:4            Lair (6/6) D:8
  Swamp (1/4) Lair:3        Snake (0/4) Lair:4        Slime (0/5) Lair:5
    Orc (2/2) D:10            Elf (0/3) Orc:2        Vaults (0/5) D:14
 Depths (0/5) D:15

Altars:
Ashenzari
Cheibriados
Dithmenos
Elyvilon
Fedhas
Gozag
Hepliaklqana
Kikubaaqudgha
Makhleb
Nemelex Xobeh
Okawaru
Qazlal
Ru
Sif Muna
Trog
Uskayaw
Vehumet
Wu Jian
Xom
Yredelemnul
Zin
The Shining One
Beogh
Jiyva

Shops:
D:9 }   D:10 **   D:15 :   Orc:2 ?}%=

Portals:
Trove: D:14 (give 18 potions of curing)

Annotations:
D:7 cyclop
Swamp:1 Donald


Innate Abilities, Weirdness & Mutations

((You revert to your normal form in water.))
((You are very nimble and swift while swimming.))
((You are very stealthy in the water. (Stealth+)))
Your mind is acute. (Int +2)
You are clumsy. (Dex -2)
((Your flesh is heat resistant. (rF+)))
You are resistant to hostile enchantments. (MR+)


Message History

Donald hits you with a double sword of draining.
You feel drained.
You gouge Donald!!
Donald is almost dead.
You feel less protected from physical attacks.
Donald hits you with a double sword of draining!!
* * * LOW HITPOINT WARNING * * *
You feel protected from physical attacks.
You feel drained.
* * * LOW HITPOINT WARNING * * *
You feel better.
Donald hits you with a double sword of draining!!
* * * LOW HITPOINT WARNING * * *
You feel more protected from physical attacks.
You feel drained.
* * * LOW HITPOINT WARNING * * *
Donald blocks your attack.
Donald is almost dead.
Donald hits you with a double sword of draining!!
You die...

♣........≈≈
..≈≈§≈...♣≈.≈
♣.≈≈≈....≈≈..
♣......≈.≈≈..
♣.≈≈≈≈.≈§≈≈.. .. .♣
♣§..§≈....≈≈. ♣.♣♣.♣
♣≈§§§§....♣ ....♣
♣≈D@§..♣ ♣.≈.♣
♣?♣§§..♣ ♣.≈.♣
♣.≈...♣♣ ♣.≈.♣ ♣.≈...♣
♣.≈.♣ ♣♣.....♣ ♣.≈≈♣♣
♣...≈≈.♣ ♣ ♣♣.≈≈.♣
♣♣..♣≈.♣ ♣♣♣...≈.♣♣
♣.♣≈≈.♣♣
.≈..≈.♣..♣♣♣♣♣♣.≈≈≈≈≈♣


You could see Donald.

Vanquished Creatures
  Roxanne (D:15)
  An orc warlord (Orc:2)
  The ghost of Knicklaso the Severer, a journeyman DsWn of Makhleb (Orc:1)
  A stone giant (Orc:2)
  The ghost of beardedkeet the Cleaver, a journeyman TrBe of Trog (Orc:2)
  A fire dragon (D:14)
  An ettin (D:14)
  A vault guard (D:14)
  Fannar (Lair:2)
  A catoblepas (Lair:2)
  5 centaur warriors
  12 hydras
  3 alligators (Swamp:1)
  An ogre mage (D:15)
  13 two-headed ogres
  2 tengu warriors (D:14)
  4 orc high priests (Orc:2)
  An iron troll (D:14)
  A spriggan (Swamp:1)
  3 unseen horrors
  A deep troll (D:14)
  7 orc knights
  27 ugly things
  A deep elf archer (D:15)
  4 orc sorcerers
  2 deep elf magi
  2 oklob plants (Lair:2)
  7 cyclopes
  Maurice (D:10)
  A black mamba (Lair:5)
  2 centaur zombies
  23 spiny frogs
  6 centaur skeletons
  A gargoyle (D:12)
  An efreet (D:14)
  5 yaktaurs (D:15)
  3 rime drakes
  10 komodo dragons
  3 tengu conjurers (D:15)
  4 trolls
  A jumping spider (shapeshifter) (D:14)
  6 polar bears
  7 tyrant leeches
  4 hornets
  A bog body (Swamp:1)
  11 hippogriffs
  12 slime creatures
  27 blink frogs
  A hippogriff (shapeshifter) (D:14)
  A wraith (D:12)
  A vampire (D:11)
  A water elemental (D:15)
  A wyvern (D:15)
  2 shadows (D:15)
  A basilisk (Lair:6)
  55 yaks
  2 hungry ghosts (D:10)
  The ghost of Knicklaso the Vandal, an amateur HaHu (D:3)
  4 wargs
  2 nagas (Lair:4)
  6 vampire mosquitoes
  3 swamp worms (Swamp:1)
  17 water moccasins
  9 porcupines
  2 black bears
  50 orc warriors
  A black bear (shapeshifter) (D:13)
  An eye of draining (D:14)
  A swamp drake (Lair:3)
  5 ice beasts
  5 sky beasts
  12 ogres
  5 wolves (Lair:1)
  A necrophage (D:10)
  3 phantoms
  17 centaurs
  12 crocodiles
  32 bullfrogs
  2 wyvern skeletons
  6 scorpions
  11 killer bees
  9 wights
  3 howler monkeys
  5 electric eels
  8 crimson imps
  4 bullfrog zombies
  4 quasits
  29 orc wizards
  2 bullfrog skeletons
  29 orc priests
  A gnoll shaman (D:7)
  6 hounds
  3 jellies
  2 iguanas
  Terence (D:3)
  Natasha (thrice) (D:3 D:4)
  7 worker ants
  6 ogre zombies (D:10)
  A hound skeleton (D:7)
  7 gnolls (D:7)
  8 adders
  4 shadow imps
  2 oozes
  An adder skeleton (D:9)
  2 adder zombies
  A worm (D:2)
  4 dart slugs
  A leopard gecko (D:3)
  128 orcs
  6 giant cockroaches
  7 goblins
  4 hobgoblins
  12 jackals
  6 kobolds
  5 quokkas
  2 ball pythons
  8 bats
  3 frilled lizards
  4 goblin zombies (D:10)
  3 hobgoblin zombies (D:10)
  2 orc skeletons (D:10)
  10 orc zombies (D:10)
  4 rats
865 creatures vanquished.

Vanquished Creatures (collateral kills)
  A killer bee (D:9)
  A plant (Lair:2)
2 creatures vanquished.

Vanquished Creatures (others)
  A wolf spider zombie (D:15)
  A spiny frog (Lair:2)
  A crimson imp (D:15)
  6 fungi
  30 plants
39 creatures vanquished.

Grand Total: 906 creatures vanquished

Notes
Turn   | Place    | Note
-------+----------+-------------------------------------------
     0 | D:1      | Oravi the Merfolk Transmuter began the quest for the Orb.
     0 | D:1      | Reached XP level 1. HP: 15/15 MP: 3/3
   148 | D:1      | Reached XP level 2. HP: 15/21 MP: 3/5
   450 | D:1      | Reached XP level 3. HP: 23/26 MP: 4/6
   471 | D:1      | Learned a level 2 spell: Sticks to Snakes
   475 | D:1      | Learned a level 3 spell: Spider Form
   640 | D:2      | Found a shattered altar of Ashenzari.
  1155 | D:2      | Reached skill level 3 in Dodging
  1155 | D:2      | Reached XP level 4. HP: 25/32 MP: 2/7
  1510 | D:2      | Found a burning altar of Makhleb.
  1575 | D:3      | Noticed Knicklaso's ghost (amateur HaHu)
  2060 | D:3      | Reached skill level 1 in Poison Magic
  2216 | D:3      | Noticed Terence
  2237 | D:3      | Killed Terence
  2468 | D:3      | Reached XP level 5. HP: 37/37 MP: 6/8
  2509 | D:3      | Found a shadowy altar of Dithmenos.
  2669 | D:3      | Noticed Natasha
  2681 | D:3      | Killed Natasha
  2908 | D:3      | Killed Knicklaso's ghost
  2908 | D:3      | Reached XP level 6. HP: 14/44 MP: 7/10
  3345 | D:4      | Reached skill level 5 in Unarmed Combat
  3350 | D:4      | Reached skill level 5 in Transmutations
  3515 | D:4      | Found an opulent altar of Gozag.
  3647 | D:4      | Found a staircase to the Ecumenical Temple.
  3654 | Temple   | Entered the Ecumenical Temple
  3966 | D:4      | Gained mutation: You are clumsy. (Dex -2) [potion of mutation]
  3966 | D:4      | Gained mutation: Your mind is acute. (Int +2) [potion of mutation]
  3967 | D:4      | Lost mutation: You are clumsy. (Dex -2) [potion of mutation]
  3967 | D:4      | Lost mutation: Your mind is acute. (Int +2) [potion of mutation]
  3967 | D:4      | Gained mutation: You are resistant to hostile enchantments. (MR+) [potion of mutation]
  3967 | D:4      | Gained mutation: Your mind is acute. (Int +2) [potion of mutation]
  3967 | D:4      | Gained mutation: Your flesh is heat resistant. (rF+) [potion of mutation]
  3993 | D:4      | Noticed Natasha
  3997 | D:4      | Found a stormy altar of Qazlal.
  4009 | D:4      | Killed Natasha
  4009 | D:4      | Reached skill level 4 in Dodging
  4019 | D:4      | Became a worshipper of Qazlal Stormbringer
  4303 | D:5      | Entered Level 5 of the Dungeon
  4320 | D:4      | Reached XP level 7. HP: 29/49 MP: 9/11
  4721 | D:4      | Noticed Natasha
  4728 | D:4      | Killed Natasha
  4813 | D:5      | Found a deep blue altar of Sif Muna.
  5088 | D:5      | Reached XP level 8. HP: 48/56 MP: 8/13
  5296 | D:5      | Got a jewelled scale mail
  5405 | D:6      | Found a basalt altar of Yredelemnul.
  5778 | D:6      | Reached * piety under Qazlal
  5824 | D:6      | Found a sparkling altar of Nemelex Xobeh.
  5832 | D:6      | Reached skill level 5 in Dodging
  5834 | D:6      | Found a hide-covered altar of Uskayaw.
  5836 | D:6      | Found a blossoming altar of Fedhas.
  5836 | D:6      | Found a deep blue altar of Sif Muna.
  6487 | D:7      | Reached skill level 5 in Poison Magic
  6524 | D:7      | Noticed a cyclops
  7161 | D:6      | Reached XP level 9. HP: 23/62 MP: 14/14
  7181 | D:6      | HP: 2/62 [orc warrior/trident (17)]
  7182 | D:6      | Reached skill level 6 in Dodging
  8080 | D:7      | Found a sacrificial altar of Ru.
  8314 | D:8      | Reached skill level 7 in Dodging
  8442 | D:8      | Got an ichor-stained leather armour
  8471 | D:8      | Found a glowing golden altar of the Shining One.
  8574 | D:8      | You fall through a shaft!
  8713 | D:9      | Found Ekkirr's Gadget Shop.
  8713 | D:9      | Noticed a two-headed ogre
  8744 | D:9      | Killed a two-headed ogre
  8744 | D:9      | Reached skill level 8 in Dodging
  8997 | D:9      | Reached XP level 10. HP: 70/70 MP: 16/16
  9198 | D:9      | Reached ** piety under Qazlal
  9743 | D:8      | Found a staircase to the Lair.
  9863 | D:8      | Identified the +1 leather armour "Wonuwk" {rElec rN+ Str-3} (You found it on level 8 of the Dungeon)
  9874 | D:8      | Identified the +4 scale mail of the Catfish {Int+6} (You found it on level 5 of the Dungeon)
 10682 | D:9      | Reached skill level 9 in Dodging
 11215 | D:10     | Entered Level 10 of the Dungeon
 11524 | D:10     | Learned a level 4 spell: Ice Form
 11539 | D:10     | Noticed Maurice
 11552 | D:10     | Killed Maurice
 11552 | D:10     | Reached skill level 10 in Transmutations
 11575 | D:10     | Reached *** piety under Qazlal
 11575 | D:10     | Reached skill level 10 in Unarmed Combat
 11586 | D:10     | Reached skill level 1 in Ice Magic
 11794 | D:10     | Found a staircase to the Orcish Mines.
 11828 | D:10     | Reached XP level 11. HP: 70/74 MP: 17/17
 11842 | D:10     | Reached skill level 10 in Dodging
 12147 | D:10     | Found Paeg's General Store.
 12156 | D:10     | Found Gelinah's Assorted Antiques.
 12210 | D:10     | Reached **** piety under Qazlal
 12810 | D:11     | Noticed a cyclops
 12822 | D:11     | Killed a cyclops
 13301 | D:11     | Noticed a two-headed ogre
 13319 | D:11     | Killed a two-headed ogre
 13423 | D:11     | Killed an unseen horror
 13591 | D:11     | Noticed a seven-headed hydra
 13602 | D:11     | Killed a seven-headed hydra
 13602 | D:11     | Reached skill level 11 in Dodging
 13602 | D:11     | Reached XP level 12. HP: 25/82 MP: 18/18
 14194 | D:12     | Reached skill level 5 in Ice Magic
 14478 | D:12     | Reached ***** piety under Qazlal
 15394 | D:13     | Reached skill level 12 in Dodging
 15518 | D:13     | Noticed a centaur warrior
 15639 | D:13     | Killed a centaur warrior
 15646 | D:13     | Noticed a seven-headed hydra
 15655 | D:13     | Killed a seven-headed hydra
 15655 | D:13     | Reached skill level 13 in Dodging
 15791 | D:13     | Reached XP level 13. HP: 85/89 MP: 19/19
 16067 | D:13     | Got an ancient dagger
 16210 | D:13     | Learned a level 5 spell: Blade Hands
 16259 | D:14     | Reached skill level 14 in Dodging
 16605 | D:14     | Found a portal to a secret trove of treasure.
 16634 | D:14     | Reached skill level 5 in Fighting
 16662 | D:14     | Noticed a vault guard
 16718 | D:14     | Killed a vault guard
 16760 | D:14     | Noticed a fire dragon
 17040 | Lair:1   | Entered Level 1 of the Lair of Beasts
 17221 | Lair:1   | Reached ****** piety under Qazlal
 18270 | Lair:2   | Reached skill level 1 in Invocations
 18408 | Lair:2   | Noticed Fannar
 18544 | Lair:2   | Killed Fannar
 18846 | Lair:2   | Found a shadowy altar of Dithmenos.
 19613 | Lair:3   | Reached skill level 5 in Spellcasting
 19633 | Lair:3   | Reached XP level 14. HP: 41/101 MP: 19/21
 19941 | Lair:3   | Found a staircase to the Swamp.
 20749 | Lair:4   | Found a staircase to the Snake Pit.
 21562 | Lair:5   | Reached skill level 15 in Dodging
 21924 | Lair:5   | Found a dark tunnel.
 21999 | Lair:5   | Found a viscous altar of Jiyva.
 21999 | Lair:5   | Found a staircase to the Slime Pits.
 22281 | Lair:6   | Entered Level 6 of the Lair of Beasts
 22291 | Lair:5   | Reached skill level 5 in Invocations
 23194 | Lair:6   | Reached XP level 15. HP: 113/113 MP: 21/23
 23359 | Lair:6   | Identified the Catalogue of Mutagenic Ice
 24404 | Orc:1    | Entered Level 1 of the Orcish Mines
 24414 | D:10     | Learned a level 6 spell: Hydra Form
 24416 | Orc:1    | Noticed Knicklaso's ghost (journeyman DsWn)
 24429 | Orc:1    | Killed Knicklaso's ghost
 24641 | Orc:2    | Entered Level 2 of the Orcish Mines
 24705 | Orc:2    | Noticed beardedkeet's ghost (journeyman TrBe)
 24719 | Orc:2    | Killed beardedkeet's ghost
 25587 | Orc:2    | Found a staircase to the Elven Halls.
 26033 | Orc:2    | Noticed an orc warlord
 26055 | Orc:2    | Killed an orc warlord
 26056 | Orc:2    | Found a roughly hewn altar of Beogh.
 26076 | Orc:2    | Found Azxiufad's Gadget Boutique.
 26164 | Orc:2    | Gained mutation: You are clumsy. (Dex -2) [a neqoxec]
 26215 | Orc:2    | Found Ricium's Magic Scroll Emporium.
 26379 | Orc:2    | Reached skill level 10 in Fighting
 26387 | Orc:2    | Found Imotai's Food Shop.
 26392 | Orc:2    | Found Ozookiw's Jewellery Boutique.
 26392 | Orc:2    | Found a roughly hewn altar of Beogh.
 26595 | Orc:2    | Got a pair of slimy gloves
 27092 | Orc:2    | Identified the cursed +0 pair of gloves "Huh Dosi" {rC+} (You found it on level 2 of the Orcish Mines)
 28697 | D:14     | Found a gate to the Vaults.
 28902 | D:15     | Entered Level 15 of the Dungeon
 28968 | D:14     | Reached XP level 16. HP: 123/123 MP: 21/26
 29008 | D:14     | Reached skill level 10 in Ice Magic
 29309 | D:15     | Reached skill level 16 in Dodging
 29512 | D:15     | Reached skill level 10 in Invocations
 29513 | D:15     | Reached skill level 15 in Unarmed Combat
 29817 | D:15     | Found a staircase to the Depths.
 29897 | D:15     | Found Aruxics's Book Boutique.
 29965 | D:15     | Noticed Roxanne
 30201 | D:15     | Killed Roxanne
 30201 | D:15     | Reached skill level 15 in Transmutations
 30202 | D:15     | Identified Roxanne's Catalogue of the Rocks (You took it off Roxanne on level 15 of the Dungeon)
 30441 | Swamp:1  | Entered Level 1 of the Swamp
 30957 | Swamp:1  | Noticed Donald
 30969 | Swamp:1  | Mangled by Donald

Skill      XL: |  1  2  3  4  5  6  7  8  9 10 11 12 13 14 15 16 |
---------------+-------------------------------------------------+-----
Transmutations | 3 4 5 6 7 8 10 11 12 13 14 15 | 15.3
Unarmed Combat | 4 5 6 7 8 10 12 14 15 | 15.0
Dodging        | 3 4 5 8 9 11 13 14 15 16 | 16.1
Poison Magic   | 1 2 4 5 6 7 8 |  8.6
Spellcasting   | 3 4 5 6 7 |  7.5
Fighting       | 2 3 4 6 9 10 11 | 11.2
Ice Magic      | 2 4 6 9 10 | 10.2
Invocations    | 2 8 9 10 | 10.0
Staves         | |  0.1
Evocations     | |  0.9

Action                   |  1- 3 |  4- 6 |  7- 9 | 10-12 | 13-15 | 16-18 || total
-------------------------+-------+-------+-------+-------+-------+-------++-------
Melee: Unarmed           |    81 |   159 |   285 |   836 |  1151 |   212 ||  2724
       Headbutt          |     9 |    10 |     2 |       |       |       ||    21
       Punch             |       |     1 |     1 |       |     1 |       ||     3
       Staff             |       |       |    11 |     3 |     3 |     2 ||    19
 Cast: Beastly Appendage |    10 |    11 |     1 |       |       |       ||    22
       Spider Form       |     1 |    11 |    42 |    55 |    19 |       ||   128
       Sticks to Snakes  |       |       |     4 |     9 |       |       ||    13
       Ice Form          |       |       |       |       |    38 |     6 ||    44
       Hydra Form        |       |       |       |       |    29 |    11 ||    40
       Blade Hands       |       |       |       |       |     1 |       ||     1
Invok: Elemental Force   |       |       |       |       |     1 |     1 ||     2
 Abil: End Transformatio |       |       |       |       |     2 |     1 ||     3
Evoke: Wand              |       |       |       |       |    12 |       ||    12
  Use: Scroll            |     1 |     8 |     9 |    14 |    14 |     1 ||    47
       Potion            |       |     4 |     8 |     1 |     5 |     1 ||    19
 Stab: Sleeping          |     2 |       |     1 |       |       |       ||     3
  Eat: Chunk             |     1 |     8 |    11 |    18 |    24 |     1 ||    63
       Ration            |       |     1 |     2 |     3 |     3 |       ||     9
Armor: Robe              |    16 |    30 |    10 |     6 |       |       ||    62
       Skin              |       |     4 |     4 |     9 |   121 |    57 ||   195
       Scale mail        |       |       |       |     2 |     7 |     2 ||    11
Dodge: Dodged            |    50 |   146 |   331 |   725 |   921 |   118 ||  2291
       Deflected         |       |       |       |     5 |     8 |    13 ||    26
Block: Other             |       |       |     7 |   152 |   410 |    65 ||   634
